 Dungeon Crawl Stone Soup version 0.18-a0-1745-gffa9a88 (webtiles) character file.

4015 nono the Covert (level 10, 0/49 HPs)
             Began as a Vine Stalker Assassin on Apr 11, 2016.
             Was a Priest of Okawaru.
             Succumbed to a soldier ant's poison
             ... on level 10 of the Dungeon.
             The game lasted 00:51:22 (7228 turns).

nono the Covert (Vine Stalker Assassin)             Turns: 7228, Time: 00:51:23

Health: 0/49       AC:  5    Str: 17    XL:     10   Next: 23%
Magic:  1/11       EV: 13    Int: 11    God:    Okawaru [***...]
Gold:   478        SH:  0    Dex: 19    Spells: 1 memorised, 7 levels left

rFire  . . .     SeeInvis .     X - +5 short sword (venom)
rCold  . . .     Gourm    .     c - +0 robe
rNeg   . . .     Faith    +     (no shield)
rPois  .         Spirit   +     (no helmet)
rElec  .         Dismiss  .     d - +0 cloak
rCorr  .         Reflect  .     Q - +1 pair of gloves
SustAt .         Harm     .     (no boots)
MR     +....                    u - amulet of faith
Stlth  ++++++....               M - +3 ring of strength
                                U - ring of flight

@: lethally poisoned (0 -> -4), very slightly contaminated, hasted, drained,
very quick, somewhat resistant to hostile enchantments, very stealthy
A: fangs 3, regeneration 2, magic shield, antimagic bite, no device heal 3, rot
immunity
a: Heroism, Renounce Religion, Evoke Flight


You were on level 10 of the Dungeon.
You worshipped Okawaru.
Okawaru was most pleased with you.
You were not hungry.

You visited 1 branch of the dungeon, and saw 10 of its levels.
You also visited: Ossuary and Bailey.

You collected 478 gold pieces.

Inventory:

Hand Weapons
 a - a +2 dagger
 b - a +0 blowgun
 t - a +0 antimagic dagger
 X - a +5 short sword of venom (weapon)
Missiles
 e - 38 poisoned needles
 f - 2 curare-tipped needles
 z - 3 needles of frenzy
 W - 44 stones (quivered)
Armour
 c - a +0 robe (worn)
 d - a +0 cloak (worn)
 Q - a +1 pair of gloves (worn)
 T - the +1 robe of Waebref {rF+ Str+2 Int+4 Dex-3 SInv}
   (You found it on level 7 of the Dungeon)

   It affects your strength (+2).
   It affects your intelligence (+4).
   It affects your dexterity (-3).
   It protects you from fire.
   It lets you see invisible.
Magical Staves
 D - an uncursed staff of summoning
Jewellery
 o - an uncursed ring of positive energy
 u - an amulet of faith (around neck)
 B - an uncursed ring of resist corrosion
 M - a +3 ring of strength (right hand)
 U - a ring of flight (left hand)
Wands
 x - a wand of iceblast (7/15)
 V - a wand of enslavement (10/24)
Scrolls
 i - 4 scrolls of identify
 j - 4 scrolls of teleportation
 m - 2 scrolls of noise
 v - 3 scrolls of remove curse
 y - 2 scrolls of fear
 F - 2 scrolls of fog
 H - 7 scrolls of amnesia
Potions
 h - 2 potions of berserk rage {unknown}
 k - a potion of haste
 l - a potion of agility
 p - 2 potions of lignification {unknown}
 q - a potion of invisibility
 L - 2 potions of heal wounds
 P - 2 potions of flight {unknown}
Books
 C - Sif Muna's Almanac of Unholy Talismans
   (You found it on level 4 of the Dungeon)

   Spells                             Type                      Level
   a - Song of Slaying                Charms                       2
   b - Sublimation of Blood           Necromancy                   2
   c - Spectral Weapon                Hexes/Charms                 3
   d - Vampiric Draining              Necromancy                   3
   e - Animate Dead                   Necromancy                   4
   f - Deflect Missiles               Charms/Air                   6
 O - a book of the Warp

   Spells                             Type                      Level
   a - Recall                         Summoning/Translocation      3
   b - Gell's Gravitas                Hexes/Translocation          3
   c - Force Lance                    Conjuration/Translocation    4
   d - Warp Weapon                    Charms/Translocation         5
   e - Summon Forest                  Summoning/Translocation      5
 R - a book of the Sky

   Spells                             Type                      Level
   a - Summon Lightning Spire         Summoning/Air                4
   b - Airstrike                      Air                          4
   c - Silence                        Hexes/Air                    5
   d - Deflect Missiles               Charms/Air                   6
   e - Conjure Ball Lightning         Conjuration/Air              6
   f - Tornado                        Air                          9
 S - a book of Changes

   Spells                             Type                      Level
   a - Beastly Appendage              Transmutation                1
   b - Sticks to Snakes               Transmutation                2
   c - Spider Form                    Transmutation/Poison         3
   d - Ice Form                       Ice/Transmutation            4
   e - Blade Hands                    Transmutation                5
 Y - a book of Enchantments

   Spells                             Type                      Level
   a - Cause Fear                     Hexes                        4
   b - Yara's Violent Unravelling     Hexes/Transmutation          5
   c - Silence                        Hexes/Air                    5
   d - Deflect Missiles               Charms/Air                   6
   e - Haste                          Charms                       6
   f - Discord                        Hexes                        8
Comestibles
 g - 5 bread rations
 n - 6 fruits
 r - 5 meat rations
 s - 3 beef jerkies
 w - 8 slices of pizza
 G - 2 royal jellies


   Skills:
 + Level 3.4(3.1) Fighting
 - Level 7.4(7.1) Short Blades
 - Level 1.7(1.5) Throwing
 + Level 2.5(2.2) Armour
 + Level 2.7(2.4) Dodging
 + Level 13.8(13.4) Stealth
 - Level 2.2(1.9) Charms


You had 7 spell levels left.
You knew the following spells:

 Your Spells              Type           Power        Failure   Level  Hunger
a - Song of Slaying       Chrm           #.......     30%         2    ###....


Dungeon Overview and Level Annotations

Branches:
Dungeon (10/15)            Temple (0/1) D:7
   Lair: D:8-11         Orc: D:9-12

Altars:
Makhleb
Nemelex Xobeh
Okawaru
Qazlal
Sif Muna
Zin
The Shining One

Annotations:
D:5 lolka's ghost, novice SpFi
D:7 dobroeutro's ghost, novice GrFi


Innate Abilities, Weirdness & Mutations

You have razor-sharp teeth.
You heal very quickly.
When hurt, damage is shared between your health and your magic reserves.
Your bite disrupts and absorbs the magic of your enemies.
Potions and wands cannot restore your health.
You are immune to rotting.


Message History

* * * LOW HITPOINT WARNING * * *
You are lethally poisoned!
The soldier ant poisons you!
Press: ? - help, v - describe, . - travel
Here: a soldier ant (moderately wounded)
The floor.
Unknown command.
Drink which item? (? for menu, Esc to quit)
You feel yourself speed up.
* * * LOW HITPOINT WARNING * * *
You feel sick.
You are very lightly contaminated with residual magic.
* * * LOW HITPOINT WARNING * * *
You feel sick.
* * * LOW HITPOINT WARNING * * *
You feel sick. Something completely misses you.
* * * LOW HITPOINT WARNING * * *
You feel sick. Something hits you!
* * * LOW HITPOINT WARNING * * *
You die...

##### #..).###
#.##...######
#..####.####@.....#
<........a...####.#
#######a####....#.#
......$?# #a..##.#
######..####...##.#
#....<.#.....##.#
#.##.......#.##.# #
#.#...###.##.#
####### #....#


You could see 3 soldier ants.

Vanquished Creatures
  Maurice (D:9)
  A hog (D:7)
  A human (D:7)
  2 wraiths
  A hippogriff (D:10)
  A water moccasin (D:9)
  3 orc warriors
  A phantom (D:9)
  2 black bears (D:6)
  3 ogres
  2 centaurs (D:6)
  A big kobold (D:7)
  2 giant frogs
  A gnoll sergeant (D:7)
  3 scorpions
  5 wights (D:9)
  2 giant frog zombies
  A crimson imp (D:5)
  A centaur zombie (D:5)
  3 hounds
  2 quasits
  A centaur skeleton (D:10)
  2 jellies
  5 orc priests
  5 orc wizards
  5 worker ants
  A killer bee zombie (D:6)
  3 sheep (D:7)
  A hound skeleton (D:6)
  3 mummies (Ossuary)
  6 gnolls
  3 worker ant zombies
  8 adders
  3 shadow imps
  An ooze (D:7)
  2 adder skeletons
  2 worms
  3 dart slugs
  4 giant geckos
  34 orcs
  3 ball pythons (D:2)
  4 bats
  5 giant cockroaches
  10 goblins
  10 hobgoblins
  8 jackals
  30 kobolds
  7 quokkas
  A giant gecko skeleton (D:6)
  7 giant newts
  2 goblin zombies (Ossuary)
  4 hobgoblin zombies (Ossuary)
  3 kobold zombies (Ossuary)
  2 quokka skeletons
  A quokka zombie (D:5)
  6 rats
234 creatures vanquished.

Vanquished Creatures (others)
  A kobold (D:7)
1 creature vanquished.

Grand Total: 235 creatures vanquished

Notes
Turn   | Place    | Note
--------------------------------------------------------------
     0 | D:1      | nono the Vine Stalker Assassin began the quest for the Orb.
     0 | D:1      | Reached XP level 1. HP: 11/11 MP: 2/2
   121 | D:1      | Reached skill level 5 in Stealth
   283 | D:1      | Reached XP level 2. HP: 11/15 MP: 3/3
   673 | D:2      | Reached XP level 3. HP: 18/18 MP: 4/4
   680 | D:2      | Reached skill level 6 in Stealth
   906 | D:2      | Reached XP level 4. HP: 18/23 MP: 5/5
   928 | D:2      | Found a faded altar to an unknown god.
  1195 | D:3      | Reached skill level 7 in Stealth
  1614 | D:3      | Reached XP level 5. HP: 7/26 MP: 6/6
  1806 | D:3      | Reached skill level 8 in Stealth
  1917 | D:4      | Found a sparkling altar of Nemelex Xobeh.
  2041 | D:4      | Identified Sif Muna's Almanac of Unholy Talismans
  2107 | D:4      | Noticed an ogre
  2117 | D:4      | Killed an ogre
  2117 | D:4      | Reached skill level 9 in Stealth
  2117 | D:4      | Gained mutation: You heal very quickly. [Vine Stalker growth]
  2117 | D:4      | Reached XP level 6. HP: 30/30 MP: 7/7
  2242 | D:4      | Found a deep blue altar of Sif Muna.
  2256 | D:4      | Learned a level 2 spell: Song of Slaying
  2307 | D:4      | Reached XP level 7. HP: 34/34 MP: 8/8
  2515 | D:4      | Found a stormy altar of Qazlal.
  2662 | D:5      | Entered Level 5 of the Dungeon
  2689 | D:5      | Reached skill level 10 in Stealth
  2694 | D:5      | Noticed lolka's ghost (novice SpFi)
  2773 | D:5      | Found a sand-covered staircase.
  2781 | Ossuary  | Entered an ossuary
  2781 | Ossuary  | Noticed a wraith
  2781 | Ossuary  | Noticed a wraith
  2781 | Ossuary  | Noticed a wraith
  3162 | Ossuary  | Noticed a wraith
  3164 | Ossuary  | Killed a wraith
  3497 | D:5      | Found a glowing golden altar of the Shining One.
  3568 | D:5      | Gained mutation: You have razor-sharp teeth. [Vine Stalker growth]
  3568 | D:5      | Reached XP level 8. HP: 38/38 MP: 7/9
  3900 | D:6      | Reached skill level 11 in Stealth
  4047 | D:6      | Found an iron altar of Okawaru.
  4080 | D:6      | Became a worshipper of Warmaster Okawaru
  4255 | D:6      | Reached skill level 5 in Short Blades
  4417 | D:7      | Reached * piety under Okawaru
  4417 | D:7      | Reached skill level 12 in Stealth
  4482 | D:7      | Reached XP level 9. HP: 33/42 MP: 10/10
  4892 | D:7      | Got an ominously black robe
  4924 | D:7      | Identified the +1 robe of Waebref {rF+ Str+2 Int+4 Dex-3 SInv} (You found it on level 7 of the Dungeon)
  5100 | D:7      | Reached skill level 1 in Charms
  5150 | D:8      | Noticed a gargoyle
  5203 | D:8      | Found a flagged portal.
  5212 | Bailey   | Entered a bailey
  5956 | D:6      | Reached skill level 13 in Stealth
  6226 | D:7      | Reached ** piety under Okawaru
  6319 | D:7      | Found a staircase to the Ecumenical Temple.
  6320 | D:7      | Noticed dobroeutro's ghost (novice GrFi)
  6509 | D:7      | Reached skill level 1 in Dodging
  6573 | D:7      | Reached skill level 1 in Armour
  6683 | D:7      | HP: 1/42 [dobroeutro's ghost (15)]
  6807 | D:9      | Found a burning altar of Makhleb.
  6809 | D:9      | Found a glowing silver altar of Zin.
  6810 | D:9      | Noticed a balrug
  6810 | D:9      | Noticed an angel
  6818 | D:9      | Noticed Maurice
  6831 | D:9      | Killed Maurice
  6831 | D:9      | Reached *** piety under Okawaru
  6831 | D:9      | Reached XP level 10. HP: 46/48 MP: 11/11
  7000 | D:9      | HP: 1/49 [soldier ant (2)]
  7016 | D:10     | Entered Level 10 of the Dungeon
  7227 | D:10     | HP: 1/49 [something (2)]
  7228 | D:10     | Succumbed to a soldier ant's poison

Vault maps used:
D:1:      dpeg_arrival_brainrot
D:2:      ecumenical_altar_1, minmay_goblin_kobold_house
D:3:      first_bread
D:4:      led_sif_book, nemelex_xobeh_ov_fountains_minmay,
          grunt_qazlal_sundering
D:5:      nicolae_tso_carved_into_rock, nicolae_ossuary_entry_plus
D:6:      okawaru_altar_gauntlet_db, grunt_ministairs_10
D:7:      kennysheep_kobold_camp, temple_pool_a, minivault_5, grunt_livestock
D:8:      fedhas_altar_2, enter_bailey_2, serial_shops, shop, amalloy_card_club,
          uniq_joseph
D:9:      grunt_temple_overflow_order_and_chaos_2, erik_orc_1, minivault_29,
          uniq_maurice
Ossuary:  ossuary_kennysheep_city_of_the_dead
Bailey:   bailey_axe_4, bailey

Skill      XL: |  1  2  3  4  5  6  7  8  9 10 |
---------------+-------------------------------+-----
Stealth        | 5 6 7 9 10 12 13 | 13.8
Short Blades   | 2 3 4 6 7 |  7.4
Charms         | 2 |  2.2
Fighting       | 2 3 |  3.4
Dodging        | 2 |  2.7
Armour         | 1 2 |  2.5
Throwing       | |  1.7

Action                   |  1- 3 |  4- 6 |  7- 9 | 10-12 || total
-------------------------+-------+-------+-------+-------++-------
Melee: Dagger            |    70 |   147 |   587 |       ||   804
       Short sword       |       |       |    65 |    82 ||   147
 Fire: Blowgun           |       |     8 |     9 |       ||    17
 Cast: Song of Slaying   |       |       |     2 |     1 ||     3
Invok: Heroism           |       |       |    12 |     2 ||    14
 Abil: Evoke Flight      |       |       |     2 |       ||     2
       Stop Flying       |       |       |     1 |       ||     1
  Use: Scroll            |       |       |    20 |       ||    20
       Potion            |       |       |     1 |     4 ||     5
 Stab: Sleeping          |    10 |    10 |    24 |       ||    44
       Distracted        |     1 |     1 |     2 |       ||     4
  Eat: Chunk             |       |     4 |    11 |     2 ||    17
       Fruit             |       |       |     3 |       ||     3
       Pizza             |       |       |     2 |       ||     2
